 Dungeon Crawl Stone Soup version 0.30-b1-7-gcb88a99046 (webtiles) character file.

Game seed: 15751637689066442200

50 KittyFluff the Trooper (level 3, -3/36 HPs)
             Began as a Gargoyle Berserker on May 5, 2023.
             Was a Believer of Trog.
             Slain by a goblin
             ... wielding a +1 vampiric dagger
             ... led by Robin
              (6 damage)
             ... on level 1 of the Dungeon.
             The game lasted 00:04:59 (991 turns).

KittyFluff the Trooper (Gargoyle Berserker)          Turns: 991, Time: 00:05:00

Health: -3/36      AC:  5    Str: 20    XL:     3   Next: 79%
Magic:  0/3        EV: 12    Int:  7    God:    Trog [**....]
Gold:   38         SH:  0    Dex: 11    Spells: 2/2 levels left

rFire   . . .        a - +0 mace
rCold   . . .        (no shield)
rNeg    + . .        b - +0 animal skin
rPois   ∞            (no helmet)
rElec   +            (no cloak)
rCorr   .            (no gloves)
SInv    .            (no boots)
Will    .....        c - amulet of the acrobat Stlth
                     (no ring)
HPRegen 0.26/turn    (no ring)
MPRegen 0.08/turn

%: acrobat
@: berserking, very quick
A: sickness immunity, AC +3, negative energy resistance 1, electricity
resistance, torment resistance 1, petrification resistance
a: Renounce Religion, Berserk, Trog's Hand


You were on level 1 of the Dungeon.
You worshipped Trog.
Trog was pleased with you.
You visited 1 branch of the dungeon, and saw 2 of its levels.

You collected 38 gold pieces.

Inventory:

Hand Weapons
 a - a +0 mace (weapon)
Armour
 b - a +0 animal skin (worn)
Jewellery
 c - an amulet of the acrobat (around neck)
Scrolls
 g - a scroll of immolation {unknown}
 h - a scroll of enchant armour {unknown}
Potions
 d - a potion of degeneration {unknown}
 e - a potion of haste {unknown}
 f - 3 potions of curing {unknown}
 i - a potion of might {unknown}
 j - a potion of attraction {unknown}


   Skills:
 + Level 3.8 Fighting
 + Level 3.8 Maces & Flails
 + Level 2.5 Armour
 + Level 1.9 Dodging


You had 2 spell levels left.
You didn't know any spells.
Your spell library was empty.

Dungeon Overview and Level Annotations

Branches:
Dungeon (2/15)

Altars:

Shops:
D:1 [


Innate Abilities, Weirdness & Mutations

You are immune to sickness and miasma.
Your stone body is resilient. (AC +3)
You are immune to poison.
You resist negative energy. (rN+)
You are resistant to electric shocks. (rElec)
You are resistant to unholy torment.
You are immune to petrification.


Message History

There is a stone staircase leading up here.
You closely miss the hobgoblin. The hobgoblin completely misses you.
You closely miss the hobgoblin.
The hobgoblin hits you but does no damage.
The goblin closely misses you. x2; The hobgoblin misses you.
The hobgoblin completely misses you. Robin throws the goblin at you!
The goblin hits you but does no damage. x2
You climb upwards.
There is a stone staircase leading down here.
The goblin misses you. The hobgoblin misses you.
You see here a hobgoblin skeleton.
You closely miss the hobgoblin. The goblin closely misses you.
The goblin hits you but does no damage. The hobgoblin barely misses you.
Robin roars a battlecry!
The goblins go into a battle-frenzy!
You barely miss the hobgoblin. The goblin barely misses you.
The goblin hits you with a +0 club. The hobgoblin hits you.
You sock the hobgoblin!
You kill the hobgoblin!
Trog accepts your kill. The goblin misses you.
You hit Robin.
Robin is heavily wounded.
The goblin barely misses you. The goblin hits you with a +0 club.
Robin hits you with a +0 antimagic mace.
* * * LOW HITPOINT WARNING * * *
You feel your power leaking away.
A red film seems to cover your vision as you go berserk!
You feel yourself moving faster!
You feel mighty! The goblin misses you. The goblin hits you with a +0 club.
* * * LOW HITPOINT WARNING * * *
Robin throws the goblin at you!
You thump Robin!
You kill Robin!
Trog accepts your kill. The goblin closely misses you.
The goblin hits you with a +0 club.
* * * LOW HITPOINT WARNING * * *
You closely miss the goblin.
The goblin hits you with a +1 vampiric dagger.
You die...

###.####.##...........###........
#.####.##.........#.#.......)..
#...##.##......##.#)#.#........
#.#.##.##.....∩##.....########.
#.#.##.#######........# #....
#......#######.##.#...# #.###
####.###...............# #....
#......#......gg####..#########.
#.##.#.#.......@>).........####.
# #...........#)..#.###.....##.
#.####.#.........#.#.###.###.#.#
#......#.......#...#.##..# #..##
########.......#####.##..###..#
######### #.##.......##
#........##.# #####.##.##..
#.##.##.#


You could see 2 goblins.

Vanquished Creatures
  Robin (D:1)
  An adder (D:2)
  2 bats (D:1)
  3 endoplasms (D:1)
  8 goblins
  4 hobgoblins
  2 quokkas (D:1)
  A ball python (D:1)
  3 frilled lizards (D:1)
  3 kobolds (D:1)
  A rat (D:1)
29 creatures vanquished.

Notes
Turn   | Place    | Note
-------+----------+-------------------------------------------
     0 | D:1      | KittyFluff the Gargoyle Berserker began the quest for the
                  | Orb.
     0 | D:1      | Reached XP level 1. HP: 14/14 MP: 1/1
   180 | D:1      | Reached XP level 2. HP: 19/19 MP: 2/2
   316 | D:1      | Found Ofricac's Antique Armour Shoppe.
   701 | D:2      | Reached XP level 3. HP: 22/24 MP: 3/3
   825 | D:2      | Identified the +1 helmet of Junkeocoh {Harm rC- rCorr
                  | Slay+3}
   825 | D:2      | Noticed Robin
   946 | D:1      | Reached ** piety under Trog
   990 | D:1      | Killed Robin
   991 | D:1      | Slain by a goblin

Illustrated notes

Levels and vault maps discovered:
D:1:      reono_arrival_mine, layout_loops_cross, serial_shops, shop
D:2:      layout_rooms, basic_altar, uniq_robin

Action                     || total
---------------------------++-------
  Melee: Mace              ||    79
         Punch             ||     1
 Invoke: Berserk           ||     1
 Armour: Animal skin       ||    27
  Dodge: Dodged            ||    77
